 Dungeon Crawl Stone Soup version 0.32-a0-996-gb3226c233f (webtiles) character file.

Game seed: 424818179504683271

9275 flt the Fighter (level 11, -1/126 HPs)
             Began as an Oni Wanderer on Apr 23, 2024.
             Was an Elder of Beogh.
             Killed from afar by a rime drake (19 damage)
             ... with an icy flash freeze
             ... on level 10 of the Dungeon.
             The game lasted 00:20:05 (10063 turns).

flt the Fighter (Oni Wanderer)                     Turns: 10063, Time: 00:20:06

Health: -1/126     AC:  7    Str: 25    XL:     11   Next: 43%
Magic:  16/16      EV: 16    Int: 10    God:    Beogh [****..]
Gold:   785        SH:  0    Dex:  8    Spells: 10/10 levels left

rFire   . . .        r - +3 trident (elec)
rCold   . . .        (no shield)
rNeg    . . .        I - +0 steam dragon scales
rPois   .            d - +1 hat
rElec   .            (no cloak)
rCorr   +            (gloves unavailable)
SInv    .            (boots unavailable)
Will    +....        s - amulet of regeneration
Stlth   +            o - +5 ring of evasion
HPRegen 1.21/turn    k - ring of resist corrosion
MPRegen 0.15/turn

%: no passive effects
@: lethally poisoned (-1 -> -1), slowed, very slow
A: large, unfitting armour, horns 1, tough skin 1, double potion healing,
drunken brawling
a: Renounce Religion, Smiting, Recall Apostles, Dismiss Bogfrid, priest, Dismiss
Grimold, warrior


You were on level 10 of the Dungeon.
You worshipped Beogh.
Beogh was greatly pleased with you.
You visited 1 branch of the dungeon, and saw 10 of its levels.
You also visited: Ossuary.

You collected 785 gold pieces.

Inventory:

Hand Weapons
 a - a +0 spear of venom
 f - a +0 flail of draining
 l - a +4 morningstar of freezing
 m - a +0 scimitar of flaming
 q - a +3 flail
 r - a +3 trident of electrocution (weapon)
 A - a +4 trident
Missiles
 g - 25 poisoned darts (quivered)
Armour
 d - a +1 hat (worn)
 e - a +0 robe
 x - a scarf of invisibility
 I - +0 steam dragon scales (worn)
Jewellery
 k - a ring of resist corrosion (right hand)
 o - a +5 ring of evasion (left hand)
 s - an amulet of regeneration (around neck)
 y - an amulet of the acrobat
 F - a ring of wizardry
Wands
 t - a wand of roots (2)
 u - a wand of charming (8)
 G - a wand of flame (6)
Scrolls
 c - a scroll of blinking
 n - 5 scrolls of teleportation
 w - a scroll of silence
 C - a scroll of fear
 D - 2 scrolls of enchant armour
 E - a scroll of vulnerability
 H - a scroll of immolation
Potions
 b - 2 potions of invisibility
 h - 2 potions of attraction
 j - 3 potions of mutation
 p - a potion of berserk rage
 v - a potion of cancellation
 z - a potion of degeneration {unknown}
 B - a potion of haste {unknown}
 J - a potion of magic {unknown}
 K - a potion of enlightenment {unknown}


   Skills:
 + Level 12.9 Fighting
 + Level 9.5 Polearms
 + Level 9.1 Dodging
 - Level 1.0 Stealth
 - Level 1.7 Unarmed Combat
 + Level 7.7 Invocations


You had 10 spell levels left.
You didn't know any spells.
Your spell library contained the following spells:

 Spells                   Type           Power      Damage    Failure   Level
 Shock                    Conj/Air       0%         1d3       36%         1
 Sting                    Conj/Alch      0%         1d3       36%         1
 Static Discharge         Conj/Air       0%         3-3/arc   50%         2
 Airstrike                Air            0%         2d(0-16)  98%         4
 Brom's Barrelling Bould  Conj/Erth      0%         2d3       98%         4
 Flame Wave               Conj/Fire      0%         2d4       98%         4
 Summon Lightning Spire   Summ/Air       0%         N/A       98%         4
 Fireball                 Conj/Fire      0%         3d3       100%        5
 Iskenderun's Battlesphe  Conj           0%         2d6       100%        5
 Conjure Ball Lightning   Conj/Air       0%         3x3d6     100%        6
 Orb of Destruction       Conj           0%         9d5       100%        7


Dungeon Overview and Level Annotations

Branches:
Dungeon (10/15)            Temple (0/1) D:7         Ossuary (visited)
   Lair: D:8-11         Orc: D:9-12

Altars:
Ashenzari
Fedhas
Hepliaklqana
Nemelex Xobeh
Qazlal
Xom

Shops:
D:1 =   D:6 *   D:9 [


Innate Abilities, Weirdness & Mutations

Your facial features look somewhat orcish.
You are too large for most types of armour.
You have a pair of small horns on your head.
You have tough skin. (AC +1)
You gain doubled healing and magic from potions.
Whenever you drink a healing potion, you attack all around you.


Message History

You have difficulty breathing.
* * * LOW HITPOINT WARNING * * *
You feel yourself slow down.
You puncture the kobold!
You kill the kobold!
Beogh accepts your kill.
You feel very sick.
Grimold hits the kobold brigand from afar with the +3 glaive "Sakleil"!
Grimold hits the kobold brigand from afar with the +3 glaive "Sakleil"!!
The kobold brigand dies!
Beogh accepts your kill.
You feel very sick. The rime drake bites you.
* * * LOW HITPOINT WARNING * * *
The kobold hits you but does no damage. The rime drake closely misses you.
The kobold hits you but does no damage.
Items here: ((( ))))) [ ††.
You barely miss the kobold.
You feel sick. The rime drake closely misses you.
Bogfrid mumbles some strange prayers to Beogh against the kobold.
The kobold is smitten.
The kobold dies!
Beogh accepts your kill.
Grimold misses the rime drake.
You barely miss the kobold.
You feel sick.
The rime drake bites you but does no damage.
Grimold closely misses the rime drake.
The kobold completely misses you. The rime drake barely misses you.
Grimold hits the rime drake from afar with the +3 glaive "Sakleil"!
You impale the kobold!!
You kill the kobold!
Beogh accepts your kill.
You feel sick. The rime drake breathes ice at you.
The icy flash freeze misses you.
Grimold hits the rime drake from afar with the +3 glaive "Sakleil"!!
Grimold closely misses the rime drake.
You feel sick. The rime drake breathes ice at you.
The icy flash freeze hits you!!
You die...

#.#..# K
#.##.#####+# K#
...........#
..#
#.##.....###
####K#
#...PP~#.#####
#!#..####
#..P♣~~P....[##
#........
#..P~~~#####..#
#K# . #..~..~#
##.####K# ...
#.~~...#
#oo)@#.#.....
.......#
####k.........
#......#
#.#.##.....
.... #...# ....
##### ... #.


You could see a rime drake (catching breath, ally target), the friendly Bogfrid
the orc apostle and the friendly Grimold the orc apostle.

Vanquished Creatures
  Erica (D:8)
  A two-headed ogre (D:8)
  Pikel (D:8)
  A troll (D:6)
  2 kobold demonologists (D:10)
  2 yaks
  3 steam dragons
  Edmund (D:4)
  An acid dragon (D:8)
  2 orc warriors
  A water moccasin (D:8)
  An ice beast (D:6)
  4 sky beasts
  A black bear (D:6)
  An ogre (D:4)
  A phantom (D:5)
  3 lemures (D:8)
  3 kobold brigands
  4 bullfrogs
  3 gnoll sergeants
  2 scorpions
  12 wights
  2 electric eels (D:7)
  5 howler monkeys
  3 hounds (D:4)
  5 jellies
  2 centaur zombies (Ossuary)
  3 gnoll boudas
  An orc priest (D:6)
  A sleepcap (D:5)
  An iguana (D:5)
  2 scorpion zombies (D:7)
  4 orc wizards
  A killer bee zombie (D:7)
  3 crocodile zombies (Ossuary)
  3 mummies (Ossuary)
  3 adders
  20 gnolls
  2 howler monkey skeletons (D:7)
  9 river rats (D:5)
  3 shadow imps
  4 white imps
  2 ufetubi (D:6)
  2 dart slugs
  17 orcs
  8 bats
  9 endoplasms
  2 giant cockroaches
  2 gnoll zombies (Ossuary)
  13 hobgoblins
  12 quokkas
  9 ball pythons
  4 frilled lizards
  9 goblins
  17 kobolds
  4 kobold zombies (Ossuary)
  17 rats
255 creatures vanquished.

Vanquished Creatures (collateral kills)
  A two-headed ogre (D:10)
  5 yaks (D:9)
  A steam dragon (D:8)
  A water moccasin (D:9)
  A black bear (D:8)
  A centaur (D:8)
  A lemure (D:8)
  A kobold brigand (D:10)
  A gnoll sergeant (D:8)
  2 wights (D:8)
  3 howler monkeys
  3 orc wizards
  2 gnolls (D:8)
  2 white imps (D:8)
  4 orcs
  A kobold (D:10)
30 creatures vanquished.

Vanquished Creatures (others)
  An orc apostle (D:8)
  6 orcs (D:8)
7 creatures vanquished.

Grand Total: 292 creatures vanquished

Notes
Turn   | Place    | Note
-------+----------+-------------------------------------------
     0 | D:1      | flt the Oni Wanderer began the quest for the Orb.
     0 | D:1      | flt set off with the following items: a +0 spear, 2 potions
                  | of invisibility, a scroll of blinking, a +0 hat, a +0 robe.
     0 | D:1      | Reached XP level 1. HP: 24/24 MP: 1/1
   133 | D:1      | Reached XP level 2. HP: 32/32 MP: 2/2
   196 | D:1      | Found a faded altar of an unknown god.
   516 | D:1      | Found Poezuonte's Jewellery Boutique.
   551 | D:1      | Reached XP level 3. HP: 39/40 MP: 3/3
  1015 | D:2      | Found a hazy altar of Hepliaklqana.
  1700 | D:3      | Reached XP level 4. HP: 49/49 MP: 4/4
  1722 | D:3      | Reached skill level 5 in Fighting
  2644 | D:4      | Noticed Edmund
  2670 | D:4      | Killed Edmund
  2671 | D:4      | Reached XP level 5. HP: 49/59 MP: 5/5
  2718 | D:4      | Found a shimmering altar of Xom.
  2736 | D:4      | Reached skill level 6 in Fighting
  2736 | D:4      | Reached XP level 6. HP: 58/67 MP: 6/6
  2832 | D:4      | Found a blossoming altar of Fedhas.
  3155 | D:4      | Reached XP level 7. HP: 76/76 MP: 7/7
  3161 | D:4      | Got the Almanac of Battling
  3358 | D:4      | Became a worshipper of Beogh the Shepherd
  3524 | D:5      | Entered Level 5 of the Dungeon
  3816 | D:5      | Reached skill level 7 in Fighting
  4041 | D:5      | Reached skill level 5 in Dodging
  4142 | D:5      | Found a stormy altar of Qazlal.
  4676 | D:5      | Reached XP level 8. HP: 71/88 MP: 8/8
  4681 | D:5      | Reached * piety under Beogh
  4682 | D:5      | Reached skill level 5 in Polearms
  4776 | D:5      | Reached skill level 8 in Fighting
  4977 | D:5      | Identified the +2 leather armour "Cygodd" {MP+9 Str+6}
  5487 | D:6      | Reached skill level 9 in Fighting
  5753 | D:6      | Found Giguy's General Store.
  5771 | D:6      | Noticed a troll
  5778 | D:6      | Killed a troll
  5778 | D:6      | Reached ** piety under Beogh
  5779 | D:6      | Reached XP level 9. HP: 89/100 MP: 9/9
  6164 | D:6      | Reached skill level 10 in Fighting
  6181 | D:6      | Reached skill level 1 in Invocations
  6908 | D:7      | Found a staircase to the Ecumenical Temple.
  7101 | D:7      | Found a sand-covered staircase.
  7108 | Ossuary  | Entered an ossuary
  7260 | Ossuary  | Reached *** piety under Beogh
  7387 | D:7      | Noticed Bogfrid
  7416 | D:7      | Anointed Bogfrid the priest as your apostle
  7719 | D:7      | Reached XP level 10. HP: 72/111 MP: 3/13
  8129 | D:8      | Reached skill level 11 in Fighting
  8217 | D:8      | Noticed Erica
  8221 | D:8      | Killed Erica
  8337 | D:8      | Reached skill level 5 in Invocations
  8394 | D:8      | Noticed Pikel
  8415 | D:8      | Killed Pikel
  8559 | D:8      | Noticed a two-headed ogre
  8567 | D:8      | Killed a two-headed ogre
  8672 | D:8      | Found a sparkling altar of Nemelex Xobeh.
  8758 | D:8      | Reached skill level 12 in Fighting
  8868 | D:8      | Identified the +3 glaive "Sakleil" {speed, SInv}
  8868 | D:8      | Noticed Grimold
  8877 | D:8      | Your ally Bogfrid died
  8894 | D:8      | Anointed Grimold the warrior as your apostle
  8968 | D:8      | Reached XP level 11. HP: 63/123 MP: 15/15
  9312 | D:8      | Found a broken altar of Ashenzari.
  9469 | D:9      | Found Huxero's Armour Shoppe.
  9939 | D:10     | Entered Level 10 of the Dungeon
 10032 | D:10     | Noticed a two-headed ogre
 10036 | D:10     | Noticed a soul eater
 10053 | D:10     | Killed a two-headed ogre
 10058 | D:10     | Reached **** piety under Beogh
 10063 | D:10     | Killed from afar by a rime drake

Illustrated notes

Levels and vault maps discovered:
D:1:      tarquinn_simple_flora_water_f, layout_basic,
          dilly_ecumenical_altar_fadedgnrine, serial_shops, nicolae_square_shop
D:2:      layout_basic, basic_altar, minmay_misc_feat_hallway, hex_large
D:3:      layout_basic, minmay_gold_behind_fungi
D:4:      layout_loops_cross, mainiacjoe_overflow_catch_the_wave, fountainhead,
          uniq_edmund
D:5:      lemuel_ratsnest, layout_loops_ring, mainiacjoe_overflow_chevrons
D:6:      layout_basic, serial_shops, nicolae_shop_stone
D:7:      layout_cave_pods, minmay_temple_entry_stoned_glass, serial_park,
          serial_park_tiny_2, serial_park_tiny_2, serial_park_tiny_pond,
          serial_park_fountain, mainiacjoe_ossuary_entry_find_the_door,
          minmay_misc_feat_rugged
D:8:      minmay_polygon_palace, layout_loops_ring,
          nemelex_xobeh_ov_fountains_minmay, mainiacjoe_overflow_alcove_2,
          uniq_pikel, uniq_erica
D:9:      layout_cave_pools, serial_shops, nicolae_shop_advertising_works
          [nicolae_subvault_shop_adworks]
D:10:     layout_basic, hellmonk_lair_entry_icy, serial_bayou_pond_d

Skill      XL: |  1  2  3  4  5  6  7  8  9 10 11 |
---------------+----------------------------------+-----
Dodging        | 3 4 5 6 7 8 9 |  9.1
Polearms       | 2 3 4 6 7 8 9 |  9.5
Fighting       | 5 6 7 9 10 12 | 12.9
Invocations    | 4 6 7 |  7.7
Stealth        | |  1.0
Unarmed Combat | |  1.7

Action                     |  1- 3 |  4- 6 |  7- 9 | 10-12 || total
---------------------------+-------+-------+-------+-------++-------
  Melee: Spear             |   124 |   141 |   314 |       ||   579
         Headbutt          |     9 |    24 |    86 |    32 ||   151
         Trident           |       |       |   205 |   193 ||   398
 Invoke: Convert to Beogh  |       |       |     1 |       ||     1
         Smiting           |       |       |     4 |     4 ||     8
         Recruit Apostle   |       |       |     1 |     1 ||     2
         Recall Apostles   |       |       |       |     5 ||     5
    Use: Scroll            |       |     7 |     9 |     1 ||    17
         Potion            |       |     1 |     2 |     2 ||     5
   Stab: Sleeping          |     4 |     5 |     3 |       ||    12
         Distracted        |       |       |       |     1 ||     1
 Armour: Robe              |    59 |    37 |   177 |    62 ||   335
         Steam dragon scal |       |       |       |    36 ||    36
  Dodge: Dodged            |    49 |    89 |   241 |   117 ||   496

Table legend: (Time is in decaauts)
 A = Elapsed time spent in this place.
 B = Non-inter-level travel time spent in this place.
 C = Inter-level travel time spent in this place.
 D = Time resting spent in this place.
 E = Time spent auto-exploring this place.
 F = Levels seen in this place.
 G = Mean time per level.
                   A        B        C        D        E       F      G
               +--------+--------+--------+--------+--------+-----+--------+
         Total |   9987 |   9720 |    267 |   1531 |   5904 |  11 |  907.9 |
       Dungeon |   9727 |   9460 |    267 |   1453 |   5857 |  10 |  972.7 |
       Ossuary |    259 |    259 |      0 |     78 |     47 |   1 |  259.0 |
               +--------+--------+--------+--------+--------+-----+--------+

Top non-repeatable levels by time:
     D:6: 1583 daAuts
     D:5: 1468 daAuts
     D:8: 1305 daAuts
     D:7: 1120 daAuts
     D:4: 1011 daAuts
     D:2: 923 daAuts
     D:3: 897 daAuts
     D:1: 769 daAuts
     D:9: 527 daAuts
 Ossuary: 259 daAuts
    D:10: 121 daAuts
